AoeStats
← arthur

Nomad

502950504Analyzed
4v4 RM · 1mo ago on Aug 29, 2026· 13m 48s· 8 players
Game mode
Random Map
Map size
231×231
Population
200
Speed
Normal
Resources
Standard
Victory
Conquest
Starting age
Dark Age
Ending age
Imperial Age
RankedLock teamsTeams togetherTeam positionsShared explorationLock speedFull tech treeHidden civsTurbo modeCheats
Victory
Defeat
🇺🇸 Spanish · United States
1352
+16
🇺🇸 Wu · United States
1338
+16
🇺🇸 Bohemians · United States
1333
+16
🇺🇸 Koreans · United States
1320
+17
🇪🇸 Spanish · Spain
1393
-19
🇫🇷 Burgundians · France
1335
-16
🇧🇷 Vietnamese · Brazil
1327
-16
🇨🇳 Romans · China
1314
-15
mR_GrincH_
3:03 Loom
13:41 Feudal Age
Enter a Name
4:19 Loom
14:42 Feudal Age
mikeymazko
4:28 Loom
12:59 Feudal Age
yogieberere
11:21 Loom
13:18 Feudal Age
14:06 Double-Bit Axe
arthur
6:19 Loom
10:12 Double-Bit Axe
12:50 Wheelbarrow
nborgesfilho
6:16 Loom
14:30 Feudal Age
enfeig
3:53 Loom
myth大帝110110110
5:25 Loom
Connection lost

Rejoining the realm…

Still unreachable

The connection could not be restored.

Session expired

The server has moved on; the page needs a fresh start.